 Dungeon Crawl Stone Soup version 0.21.1-1-g345015f (webtiles) character file.

481 tev the Chopper (level 6, -5/48 HPs)
             Began as a Demonspawn Berserker on July 30, 2018.
             Was a Believer of Trog.
             Succumbed to asishallab's ghost's poison
             ... on level 3 of the Dungeon.
             The game lasted 00:17:11 (3438 turns).

tev the Chopper (Demonspawn Berserker)              Turns: 3438, Time: 00:17:12

Health: -5/48      AC: 12    Str: 19    XL:     6   Next: 87%
Magic:  4/6        EV:  6    Int:  8    God:    Trog [**....]
Gold:   175        SH:  4    Dex: 13    Spells: 5/5 levels left

rFire    . . .     SeeInvis .   a - +0 hand axe
rCold    . . .     Gourm    .   (no shield)
rNeg     . . .     Faith    .   h - +0 plate armour
rPois    .         Spirit   +   u - +0 helmet
rElec    .         Reflect  .   (no cloak)
rCorr    .         Harm     .   (no gloves)
MR       .....                  (no boots)
Stlth    ..........             (no amulet)
HPRegen  0.16/turn              (no ring)
MPRegen  0.20/turn              (no ring)

@: lethally poisoned (-5 -> -42), berserk cooldown, slowed, very slow
A: claws 1, large bone plates 1, magic shield, magic regeneration
a: Berserk, Trog's Hand, Burn Spellbooks, Renounce Religion


You were on level 3 of the Dungeon.
You worshipped Trog.
Trog was pleased with you.
You were not hungry.

You visited 1 branch of the dungeon, and saw 4 of its levels.

You collected 175 gold pieces.

Inventory:

Hand Weapons
 a - a +0 hand axe (weapon)
Armour
 h - a +0 plate armour (worn)
 u - a +0 helmet (worn)
Jewellery
 g - an uncursed amulet of magic regeneration {unknown}
 s - an uncursed ring of ice {unknown}
Wands
 v - a wand of random effects (15)
Scrolls
 d - 2 scrolls of identify {unknown}
 f - 4 scrolls of enchant weapon {unknown}
 i - 2 scrolls of remove curse {unknown}
 k - a scroll of amnesia {unknown}
 l - a scroll of blinking {unknown}
 o - 2 scrolls of teleportation {unknown}
 r - a scroll of magic mapping {unknown}
Potions
 b - a potion of mutation {unknown}
 e - a potion of brilliance {unknown}
 j - 2 potions of resistance {unknown}
 m - a potion of degeneration {unknown}
 n - a potion of curing {unknown}
 p - a potion of agility {unknown}
 q - a potion of heal wounds {unknown}
 t - a potion of lignification
Comestibles
 c - 4 rations


   Skills:
 + Level 4.2 Fighting
 * Level 5.6 Axes
 + Level 3.4 Armour
 + Level 2.1 Dodging


You had 5 spell levels left.
You didn't know any spells.

Dungeon Overview and Level Annotations

Branches:
Dungeon (4/15)
 Temple: D:4-7

Altars:
Xom

Annotations:
D:4 asishallab's ghost, novice GnWr


Innate Abilities, Weirdness & Mutations

You have sharp fingernails.
You are partially covered in large bone plates. (SH +4)
When hurt, damage is shared between your health and your magic reserves.
You regenerate magic rapidly.


Message History

You are more poisoned.
Asishallab's ghost hits you!
You are more poisoned.
You are too injured to fight recklessly!
You are too injured to fight recklessly!
You are too injured to fight recklessly!
* * * LOW HITPOINT WARNING * * *
You feel extremely sick.
Your skin stops crawling.
You feel less resistant to hostile enchantments.
* * * LOW HITPOINT WARNING * * *
You feel very sick.
Asishallab's ghost hits you but does no damage.
There is a stone staircase leading up, spattered with blood here.
* * * LOW HITPOINT WARNING * * *
You feel very sick.
Asishallab's ghost gestures wildly while chanting.
Asishallab's ghost blinks!
You climb upwards.
You die...

#...'[.........>.#..).........
#)###............#............
#.#..<...........#............
#.#..............#.....##...)[
####'#...#.###......'..........[.
#........#.# #......#.....##....[
#........#.# #......########.....
#........#.#####.###########.....
#........#.)....@............####
#........#######......######.[# #
#........# #......# ##(# #
#........# #......#######'###
#........# #................#
#........# #................#
########## #######............#
#..................#
#...................


There were no monsters in sight!

Vanquished Creatures
  The ghost of zapotec the Sneak, an amateur GrFi (D:3)
  2 jellies (D:3)
  An orc priest (D:3)
  2 orc wizards (D:3)
  Ijyb (D:3)
  Natasha (thrice) (D:3)
  2 worker ants (D:4)
  3 adders
  3 oozes
  2 worms (D:3)
  2 dart slugs (D:1)
  4 leopard geckos
  5 orcs (D:3)
  A ball python (D:3)
  A giant cockroach (D:1)
  5 goblins
  6 hobgoblins
  An iguana (D:3)
  A quokka (D:2)
  7 bats
  5 frilled lizards
  5 kobolds
  8 rats
71 creatures vanquished.

Notes
Turn   | Place    | Note
-------+----------+-------------------------------------------
     0 | D:1      | tev the Demonspawn Berserker began the quest for the Orb.
     0 | D:1      | Reached XP level 1. HP: 18/18 MP: 1/1
   121 | D:1      | Reached skill level 3 in Axes
   121 | D:1      | Gained mutation: When hurt, damage is shared between your health and your magic reserves. [demonic ancestry]
   121 | D:1      | Reached XP level 2. HP: 24/24 MP: 2/2
   835 | D:2      | Gained mutation: You are partially covered in large bone plates. (SH +4) [demonic ancestry]
   835 | D:2      | Reached XP level 3. HP: 29/29 MP: 3/3
  1191 | D:2      | Reached ** piety under Trog
  1792 | D:3      | Gained mutation: You regenerate magic rapidly. [demonic ancestry]
  1792 | D:3      | Reached XP level 4. HP: 33/37 MP: 4/4
  1873 | D:3      | Reached skill level 4 in Axes
  2059 | D:3      | Noticed Ijyb
  2123 | D:3      | Killed Ijyb
  2123 | D:3      | Gained mutation: You have sharp fingernails. [demonic ancestry]
  2123 | D:3      | Reached XP level 5. HP: 28/42 MP: 5/5
  2372 | D:3      | Noticed zapotec's ghost (amateur GrFi)
  2386 | D:3      | Killed zapotec's ghost
  2386 | D:3      | Reached XP level 6. HP: 48/48 MP: 4/6
  2502 | D:3      | Noticed Natasha
  2513 | D:3      | Killed Natasha
  2513 | D:3      | Reached skill level 5 in Axes
  2655 | D:3      | Found a shimmering altar of Xom.
  2883 | D:3      | Noticed Natasha
  2900 | D:3      | Killed Natasha
  3004 | D:3      | Noticed Natasha
  3016 | D:3      | Killed Natasha
  3086 | D:4      | Noticed asishallab's ghost (novice GnWr)
  3437 | D:4      | HP: 1/48 [poisoned by asishallab's ghost]
  3438 | D:3      | Succumbed to asishallab's ghost's poison

Skill      XL: |  1  2  3  4  5  6 |
---------------+-------------------+-----
Axes           | 3 4 5 |  5.6
Dodging        | 2 |  2.1
Armour         | 2 3 |  3.4
Fighting       | 4 |  4.2

Action                   |  1- 3 |  4- 6 || total
-------------------------+-------+-------++-------
Melee: Hand axe          |   110 |   227 ||   337
Invok: Berserk           |     1 |     6 ||     7
       Trog's Hand       |       |     6 ||     6
  Use: Potion            |       |     1 ||     1
  Eat: Chunk             |     4 |     5 ||     9
       Ration            |       |     3 ||     3
Armor: Chain mail        |    11 |       ||    11
       Ring mail         |     4 |       ||     4
       Plate armour      |    42 |   137 ||   179
       Skin              |       |     2 ||     2
Dodge: Dodged            |    52 |    48 ||   100
Block: Other             |    20 |    31 ||    51
